AoeStats
← [RAT] G0rm

Arena

510188715Analyzed
3v3 RM · 2d ago on Sep 29, 2026· 32m 22s· 6 players
Game mode
Random Map
Map size
Normal (6 player)
Population
200
Speed
Normal
Resources
Standard
Victory
Conquest
Starting age
Dark Age
Ending age
Imperial Age
RankedLock teamsTeams togetherTeam positionsShared explorationLock speedFull tech treeHidden civsTurbo modeCheats
Victory
Defeat
🇦🇹 Turks · Austria
1740
+8
🇩🇪 Franks · Germany
1726
+9
🇩🇪 Teutons · Germany
1596
+13
🇺🇸 Saracens · United States
1609
-12
🇷🇴 Teutons · Romania
1542
-10
🇳🇱 Turks · Netherlands
1490
-8
Obuk
10:19 Feudal Age
8:47 Loom
10:33 Feudal Age
15:02 Castle Age
14:56 Double-Bit Axe
15:04 Gold Mining
16:31 Bow Saw
20:16 Stone Mining
22:37 Wheelbarrow
22:55 Forging
22:55 Fletching
24:09 Ballistics
24:23 Town Watch
26:04 Gold Shaft Mining
28:00 Bodkin Arrow
34:11 Imperial Age
number5
6:07 Loom
8:19 Feudal Age
16:00 Horse Collar
23:12 Castle Age
21:51 Double-Bit Axe
23:44 Gold Mining
24:49 Bow Saw
26:11 Wheelbarrow
26:06 Town Watch
27:55 Forging
28:58 Fletching
29:34 Bloodlines
29:37 Heavy Plow
30:10 Bodkin Arrow
MacesB
10:00 Feudal Age
10:41 Double-Bit Axe
13:38 Castle Age
12:01 Horse Collar
14:39 Heavy Plow
20:19 Wheelbarrow
20:17 Bow Saw
20:07 Gold Mining
21:39 Hand Cart
21:11 Loom
22:35 Gold Shaft Mining
26:47 Imperial Age
24:04 Town Watch
25:49 Scale Barding Armor
25:55 Forging
25:47 Husbandry
25:58 Bloodlines
26:22 Bloodlines
27:58 Chain Barding Armor
30:07 Iron Casting
30:49 Plate Barding Armor
32:40 Blast Furnace
33:15 Coinage
[RAT] Havik_AoE
8:22 Loom
11:19 Feudal Age
12:03 Man-at-Arms
17:40 Castle Age
19:11 Double-Bit Axe
22:02 Horse Collar
25:59 Imperial Age
24:46 Bow Saw
24:35 Gold Mining
[RAT] G0rm
10:20 Feudal Age
14:06 Castle Age
12:55 Double-Bit Axe
13:03 Horse Collar
15:27 Bow Saw
18:40 Loom
23:33 Scale Mail Armor
32:01 Wheelbarrow
[RAT] Spencer
10:08 Feudal Age
13:50 Castle Age
11:58 Double-Bit Axe
12:04 Horse Collar
19:24 Loom
22:03 Heavy Plow
23:44 Bow Saw
24:28 Forging
25:33 Scale Barding Armor
25:54 Bloodlines
26:38 Gold Mining
28:14 Gold Shaft Mining
29:14 Wheelbarrow
30:01 Iron Casting
29:49 Husbandry
30:10 Chain Barding Armor
30:07 Stone Mining
34:03 Imperial Age
Connection lost

Rejoining the realm…

Still unreachable

The connection could not be restored.

Session expired

The server has moved on; the page needs a fresh start.